 Dungeon Crawl Stone Soup version 0.30.0-29-ga12c61a403 (webtiles) character file.

Game seed: 13855098401242835529

310 seaoflcl the Trooper (level 6, -4/55 (56) HPs)
             Began as a Minotaur Fighter on June 9, 2023.
             Slain by a wight
             ... wielding a +5 short sword of freezing
              (8 damage)
             ... on level 4 of the Dungeon.
             The game lasted 00:03:30 (2472 turns).

seaoflcl the Trooper (Minotaur Fighter)             Turns: 2472, Time: 00:03:30

HP:   -4/55 (56)    AC: 13    Str: 23    XL:     6   Next: 17%
MP:   5/5           EV:  6    Int:  5    God:
Gold: 94            SH:  4    Dex:  9    Spells: 5/5 levels left

rFire   . . .        n - +2 mace (drain)
rCold   . . .        c - +0 buckler
rNeg    . . .        w - +0 plate armour
rPois   .            (helmet restricted)
rElec   .            (no cloak)
rCorr   .            v - +0 pair of gloves
SInv    .            (no boots)
Will    .....        (no amulet) Stlth
                     (no ring)
HPRegen 0.29/turn    (no ring)
MPRegen 0.09/turn

%: no passive effects
@: mighty, lightly drained
A: horns 2, retaliatory headbutt, wild magic 1, MP-powered wands
a: no special abilities


You were on level 4 of the Dungeon.
You visited 1 branch of the dungeon, and saw 4 of its levels.

You collected 94 gold pieces.

Inventory:

Hand Weapons
 a - a +0 war axe
 n - a +2 mace of draining (weapon)
 s - a +3 dagger
Armour
 c - a +0 buckler (worn)
 v - a +0 pair of gloves (worn)
 w - a +0 plate armour (worn)
Jewellery
 i - a ring of ice
Wands
 t - a wand of iceblast (4)
Scrolls
 b - a scroll of blinking {unknown}
 e - 3 scrolls of identify {unknown}
 f - a scroll of fog {unknown}
 k - a scroll of immolation {unknown}
 m - a scroll of acquirement {unknown}
 p - a scroll of amnesia {unknown}
 r - 3 scrolls of teleportation {unknown}
 x - a scroll of poison {unknown}
Potions
 d - a potion of might
 g - a potion of curing {unknown}
 h - 2 potions of haste {unknown}
 j - 2 potions of mutation
 l - 2 potions of flight {unknown}
 o - a potion of brilliance {unknown}
 q - 2 potions of degeneration {unknown}
Miscellaneous
 u - a piece from Xom's chessboard (15/15)


   Skills:
 + Level 5.0 Fighting
 - Level 3.2(4.2) Axes
 * Level 3.9(4.4) Maces & Flails
 + Level 4.9 Armour
 + Level 5.0 Shields


You had 5 spell levels left.
You didn't know any spells.
Your spell library contained the following spells:

 Spells                   Type           Power      Damage    Failure   Level
 Sandblast                Erth           0%         2d4       100%        1
 Passwall                 Tmut/Erth      0%         N/A       100%        2
 Stone Arrow              Conj/Erth      0%         3d7       100%        3


Dungeon Overview and Level Annotations

Branches:
Dungeon (4/15)
 Temple: D:4-7

Altars:
Xom

Shops:
D:1 (


Innate Abilities, Weirdness & Mutations

You have a pair of horns on your head.
You reflexively headbutt those who attack you in melee.
Your spells are a little harder to cast, but a little more powerful.
You expend magic power (3 MP) to strengthen your wands.


Message History

The wight freezes you.
* * * LOW HITPOINT WARNING * * *
The wight hits you with a +5 short sword of freezing.
* * * LOW HITPOINT WARNING * * *
You feel drained. The wight freezes you.
* * * LOW HITPOINT WARNING * * *
The wight attacks as you move away! The wight hits you but does no damage.
It was a potion of mutation.
You feel extremely strange.
You feel your magical essence link to the dungeon's wands.
You feel less in control of your magic. The wight barely misses you.
You feel very mighty all of a sudden. The wight barely misses you.
You barely miss the wight.
The wight is lightly damaged.
The wight barely misses you.
You hit the wight.
The wight is lightly damaged.
You thump the wight! You headbutt the wight!
You destroy the wight!
The wight hits you with a +5 short sword of freezing.
* * * LOW HITPOINT WARNING * * *
The wight freezes you.
* * * LOW HITPOINT WARNING * * *
You have reached level 6!
The adder attacks as you move away! The adder bites you but does no damage.
You hit the adder.
The adder is moderately wounded.
The adder bites you.
* * * LOW HITPOINT WARNING * * *
The adder barely misses you.
You sock the adder!
You kill the adder!
You block the wight's attack.
Your Fighting skill increases to level 5!
Your Shields skill increases to level 5!
You thump the wight!
The wight is heavily damaged.
The wight hits you with a +5 short sword of freezing!
You die...

#####...#####
#.......# .#
#.#.#.###..#..
#.#.#.# .#.#
#.#.#.# ....
#.#.#.####...#
#.#..........######
#.###.######.......
#. #....)@zz#
########)# #.# #z#
#.# ..# ###


You could see 2 wights.

Vanquished Creatures
  2 wights (D:4)
  Terence (D:3)
  Ijyb (D:3)
  Robin (D:3)
  3 gnolls (D:2)
  An adder (D:4)
  2 worms
  2 dart slugs
  2 orcs (D:3)
  9 endoplasms
  A giant cockroach (D:3)
  17 goblins
  6 hobgoblins
  15 jackals
  3 quokkas
  9 ball pythons
  4 bats (D:2)
  3 frilled lizards
  5 kobolds
  4 rats
  A butterfly (D:3)
92 creatures vanquished.

Notes
Turn   | Place    | Note
-------+----------+-------------------------------------------
     0 | D:1      | seaoflcl the Minotaur Fighter began the quest for the Orb.
     0 | D:1      | Reached XP level 1. HP: 19/19 MP: 0/0
     8 | D:1      | Found a faded altar of an unknown god.
   119 | D:1      | Found Waagaetes's Antique Weapon Shop.
   163 | D:1      | Reached XP level 2. HP: 27/27 MP: 1/1
   459 | D:1      | Reached XP level 3. HP: 33/33 MP: 2/2
   938 | D:2      | Reached skill level 1 in Maces & Flails
   945 | D:2      | Reached XP level 4. HP: 19/40 MP: 3/3
  1533 | D:3      | Found a shimmering altar of Xom.
  1635 | D:3      | Noticed Ijyb
  1650 | D:3      | Killed Ijyb
  1651 | D:3      | Reached XP level 5. HP: 31/47 MP: 4/4
  1916 | D:3      | Noticed Terence
  1924 | D:3      | Killed Terence
  1968 | D:3      | Noticed Robin
  1988 | D:3      | Killed Robin
  2464 | D:4      | Gained mutation: You expend magic power (3 MP) to
                  | strengthen your wands. [potion of mutation]
  2464 | D:4      | Gained mutation: Your spells are a little harder to cast,
                  | but a little more powerful. [potion of mutation]
  2469 | D:4      | Reached XP level 6. HP: 5/54 MP: 5/5
  2472 | D:4      | Reached skill level 5 in Fighting
  2472 | D:4      | Reached skill level 5 in Shields
  2472 | D:4      | Slain by a wight

Illustrated notes

Levels and vault maps discovered:
D:1:      minmay_arrival_up_and_down, layout_loops_ring, serial_shops,
          nicolae_shop_overgrown_old_shop, basic_ecumenical_altar
D:2:      layout_basic
D:3:      layout_loops_cross, xom_butterflies, serial_park_tiny_2, uniq_robin,
          uniq_terence, uniq_ijyb
D:4:      layout_basic, temple_hall

Skill      XL: |  1  2  3  4  5  6 |
---------------+-------------------+-----
Axes           | 3 |  3.2
Fighting       | 4 5 |  5.0
Armour         | 4 |  4.9
Shields        | 4 5 |  5.0
Maces & Flails | 1 2 3 |  3.9

Action                     |  1- 3 |  4- 6 || total
---------------------------+-------+-------++-------
  Melee: War axe           |    45 |       ||    45
         Headbutt          |    10 |    11 ||    21
         Mace              |    29 |   109 ||   138
    Use: Potion            |       |     2 ||     2
 Armour: Scale mail        |    35 |     3 ||    38
         Chain mail        |       |    35 ||    35
         Plate armour      |       |     3 ||     3
  Dodge: Dodged            |    29 |    35 ||    64
  Block: Buckler           |    13 |    20 ||    33
